 Dungeon Crawl Stone Soup version 0.30.0-30-g96aa6591b8 (webtiles) character file.

Game seed: 11599381106891041934

231 Peloso the Slasher (level 5, -5/47 HPs)
             Began as a Minotaur Fighter on June 30, 2023.
             Slain by Blork the orc
             ... wielding a +0 long sword
              (7 damage)
             ... on level 4 of the Dungeon.
             The game lasted 00:06:36 (2457 turns).

Peloso the Slasher (Minotaur Fighter)               Turns: 2457, Time: 00:06:37

Health: -5/47      AC: 10    Str: 26    XL:     5   Next: 73%
Magic:  4/4        EV:  8    Int:  5    God:
Gold:   38         SH:  5    Dex: 12    Spells: 4/4 levels left

rFire   . . .        b - +0 long sword
rCold   . . .        d - +0 buckler
rNeg    . . .        r - +0 chain mail
rPois   .            (helmet restricted)
rElec   .            c - +0 cloak
rCorr   .            (no gloves)
SInv    .            (no boots)
Will    +....        (no amulet) Stlth
                     f - +6 ring of strength
HPRegen 0.27/turn    n - ring of willpower
MPRegen 0.09/turn

%: no passive effects
@: no status effects
A: horns 2, retaliatory headbutt
a: no special abilities


You were on level 4 of the Dungeon.
You visited 1 branch of the dungeon, and saw 4 of its levels.

You collected 182 gold pieces.
You spent 144 gold pieces at shops.

Inventory:

Hand Weapons
 a - the +7 long sword of the Sky {flame, Contam rC++ Int+3 Stlth+}
   (You bought it in a shop on level 1 of the Dungeon)

   Int:       It affects your intelligence (+3).
   rC:        It greatly protects you from cold.
   Contam:    It causes magical contamination when unequipped.
   Stlth:     It makes you more stealthy.
 b - a +0 long sword (weapon)
Armour
 c - a +0 cloak (worn)
 d - a +0 buckler (worn)
 r - a +0 chain mail (worn)
Jewellery
 f - a +6 ring of strength (left hand)
 g - a ring of protection from cold
 n - a ring of willpower (right hand)
Wands
 q - a wand of roots (9)
Scrolls
 e - a scroll of poison
 l - 2 scrolls of teleportation
 m - a scroll of amnesia {unknown}
 o - 2 scrolls of fog {unknown}
 s - a scroll of brand weapon {unknown}
Potions
 h - 2 potions of might
 i - a potion of cancellation {unknown}
 j - a potion of curing
 k - a potion of flight {unknown}
 p - a potion of ambrosia {unknown}


   Skills:
 + Level 4.6 Fighting
 + Level 5.1 Long Blades
 + Level 4.7 Armour
 + Level 0.7 Dodging
 + Level 0.1 Stealth
 + Level 4.5 Shields


You had 4 spell levels left.
You didn't know any spells.
Your spell library contained the following spells:

 Spells                   Type           Power      Damage    Failure   Level
 Sandblast                Erth           0%         2d4       96%         1
 Ensorcelled Hibernation  Hex/Ice        0%         N/A       99%         2
 Passwall                 Tmut/Erth      0%         N/A       99%         2
 Inner Flame              Hex/Fire       0%         N/A       100%        3
 Stone Arrow              Conj/Erth      0%         3d7       100%        3
 Swiftness                Air            0%         N/A       100%        3
 Yara's Violent Unravell  Hex/Tmut       0%         3d3       100%        5
 Enfeeble                 Hex            0%         N/A       100%        7


Dungeon Overview and Level Annotations

Branches:
Dungeon (4/15)
 Temple: D:4-7

Altars:
Nemelex Xobeh

Shops:
D:1 *

Annotations:
D:4 Blork the orc


Innate Abilities, Weirdness & Mutations

You have a pair of horns on your head.
You reflexively headbutt those who attack you in melee.


Message History

Blork the orc hits you but does no damage.
You hit Blork the orc but do no damage.
Blork the orc is severely wounded.
Blork the orc looks satisfied for a moment.
Blork the orc completely misses you.
You barely miss Blork the orc.
Blork the orc is severely wounded.
Blork the orc points at you and mumbles some strange words.
The puff of frost hits you.
You hit Blork the orc. Your headbutt misses Blork the orc.
Blork the orc is almost dead.
Blork the orc drinks a potion.
Blork the orc is healed!
Blork the orc hits you but does no damage.
You hit Blork the orc but do no damage.
Blork the orc is severely wounded.
Blork the orc closely misses you. You furiously retaliate!
You headbutt Blork the orc. You block Blork the orc's attack.
You hit Blork the orc. Your headbutt misses Blork the orc.
Blork the orc is almost dead.
Blork the orc hits you with a +0 long sword!
Blork the orc completely misses you.
You barely miss Blork the orc.
Blork the orc is almost dead.
Blork the orc hits you with a +0 long sword!
* * * LOW HITPOINT WARNING * * *
Blork the orc hits you but does no damage.
You barely miss Blork the orc.
Blork the orc is almost dead.
Blork the orc looks angry.
Blork the orc hits you but does no damage.
You hit Blork the orc but do no damage. Your headbutt misses Blork the orc.
Blork the orc is almost dead.
Blork the orc hits you with a +0 long sword!
* * * LOW HITPOINT WARNING * * *
Blork the orc screams, "I'll cover the dungeon with your blood!"
Blork the orc hits you but does no damage.
You closely miss Blork the orc.
Blork the orc is almost dead.
Blork the orc hits you with a +0 long sword!
You die...

.# .# #...# .# ...# .#
...####### .#
......... .# .........
## #.. #........ # #.#
# ###.o...... # #.#
#.#..@# # #.# #.#.#.#
# #.# #.....# # #.#
###.### #.# #.# ####.#
#.# ..
.....#########.###....
##...#.....##.........
'....'.....''.........


You could see Blork the orc (fast).

Vanquished Creatures
  A scorpion (D:4)
  A sleepcap (D:3)
  An iguana (D:4)
  3 gnolls (D:3)
  2 adders
  A worm (D:2)
  2 dart slugs
  3 orcs (D:3)
  A ball python (D:2)
  5 endoplasms
  5 giant cockroaches
  6 goblins
  6 hobgoblins
  4 jackals (D:3)
  A kobold (D:1)
  A quokka (D:2)
  9 bats
  4 frilled lizards
  8 rats
64 creatures vanquished.

Notes
Turn   | Place    | Note
-------+----------+-------------------------------------------
     0 | D:1      | Peloso the Minotaur Fighter began the quest for the Orb.
     0 | D:1      | Reached XP level 1. HP: 19/19 MP: 0/0
   210 | D:1      | Reached XP level 2. HP: 27/27 MP: 1/1
   211 | D:1      | Found Xikuchas's Assorted Antiques.
   622 | D:2      | Reached XP level 3. HP: 33/33 MP: 2/2
   660 | D:2      | Reached skill level 3 in Long Blades
  1184 | D:3      | Reached XP level 4. HP: 38/41 MP: 3/3
  1303 | D:3      | Found a sparkling altar of Nemelex Xobeh.
  1328 | D:3      | Reached skill level 4 in Long Blades
  1492 | D:3      | Reached XP level 5. HP: 43/47 MP: 4/4
  2084 | D:1      | Bought a bloodstained long sword for 144 gold pieces
  2084 | D:1      | Identified the +7 long sword of the Sky {flame, Contam rC++
                  | Int+3 Stlth+} (You bought it in a shop on level 1 of the
                  | Dungeon)
  2319 | D:4      | Reached skill level 5 in Long Blades
  2438 | D:4      | Noticed Blork the orc
  2456 | D:4      | HP: 1/47 [Blork the orc/+0 long sword (8)]
  2457 | D:4      | Slain by Blork the orc

Illustrated notes

Levels and vault maps discovered:
D:1:      dpeg_arrival_stone_temple_mockup, layout_rooms, serial_shops,
          nicolae_shop_tiny_glass, minmay_misc_feat_five
D:2:      layout_basic
D:3:      layout_loops_corners, mainiacjoe_overflow_surrounded_room,
          serial_rivers, chequers_serial_rivers_small_3,
          chequers_serial_rivers_micro_d, chequers_serial_rivers_room_b,
          chequers_serial_rivers_small_b, chequers_serial_rivers_large_a
D:4:      layout_basic, gammafunk_ghost_nasty_kobolds, uniq_blork_the_orc

Skill      XL: |  1  2  3  4  5 |
---------------+----------------+-----
Fighting       | 4 |  4.6
Armour         | 4 |  4.7
Shields        | 4 |  4.5
Long Blades    | 3 4 5 |  5.1
Dodging        | |  0.7
Stealth        | |  0.1

Action                     |  1- 3 |  4- 6 || total
---------------------------+-------+-------++-------
  Melee: Long sword        |    90 |    53 ||   143
         Headbutt          |    11 |    10 ||    21
    Use: Scroll            |     3 |     3 ||     6
 Armour: Scale mail        |    29 |       ||    29
         Chain mail        |     7 |    29 ||    36
  Dodge: Dodged            |    48 |    24 ||    72
  Block: Buckler           |    22 |     9 ||    31
